 Dungeon Crawl Stone Soup version 0.23.2-30-g0e89c35649 (webtiles) character file.

Game seed: 3229438282575387660

1641 kamil4402 the Grappler (level 8, -6/75 HPs)
             Began as a Troll Monk on June 22, 2019.
             Mangled by an orc warrior
             ... wielding a +0 mace
              (18 damage)
             ... on level 6 of the Dungeon.
             The game lasted 00:36:53 (4234 turns).

kamil4402 the Grappler (Troll Monk)                 Turns: 4234, Time: 00:36:53

Health: -6/75      AC:  6    Str: 20    XL:     8   Next: 66%
Magic:  7/7        EV: 12    Int:  8    God:
Gold:   253        SH:  0    Dex: 14    Spells: 7/7 levels left

rFire    . . .     SeeInvis .     - Unarmed
rCold    . . .     Gourm    +   (no shield)
rNeg     . . .     Faith    .   a - +0 robe
rPois    .         Spirit   .   (helmet restricted)
rElec    .         Reflect  .   (no cloak)
rCorr    .         Harm     .   (gloves unavailable)
MR       .....                  (boots unavailable)
Stlth    ++........             q - amulet of magic regeneration
HPRegen  0.62/turn              e - ring of flight
MPRegen  0.35/turn              (no ring)

@: no status effects
A: large, unfitting armour, claws 3, clever 1, fast metabolism 3, gourmand,
regeneration 1, shaggy fur 1, tough skin 3, MP-powered wands
a: Evoke Flight


You were on level 6 of the Dungeon.
You were completely stuffed.

You visited 1 branch of the dungeon, and saw 6 of its levels.
You also visited: Sewer.

You collected 253 gold pieces.

Inventory:

Hand Weapons
 h - a +3 quarterstaff of chaos
 n - a +3 dire flail of venom
Armour
 a - a +0 robe (worn)
 j - a cursed +0 cloak
Jewellery
 e - a ring of flight (left claw)
 q - an amulet of magic regeneration (around neck)
 w - a +1 ring of evasion {unknown}
Scrolls
 c - 7 scrolls of identify
 f - 2 scrolls of immolation
 g - a scroll of enchant weapon {unknown}
 m - a scroll of blinking {unknown}
 r - a scroll of remove curse {unknown}
 v - a scroll of teleportation
Potions
 d - 2 potions of curing
 k - a potion of brilliance
 l - 2 potions of flight
 s - a potion of haste
Comestibles
 b - 9 rations


   Skills:
 + Level 3.3 Fighting
 + Level 4.7 Dodging
 + Level 2.7 Stealth
 + Level 9.1 Unarmed Combat


You had 7 spell levels left.
You didn't know any spells.
Your spell library was empty.

Dungeon Overview and Level Annotations

Branches:
Dungeon (6/15)
 Temple: D:4-7

Altars:
Ashenzari
Vehumet

Shops:
D:6 *


Innate Abilities, Weirdness & Mutations

You are too large for most types of armour.
You have claws for hands.
Your metabolism is lightning-fast.
You like to eat raw meat.
Your natural rate of healing is unusually fast.
You are covered in fur. (AC +1)
You have extremely tough skin. (AC +3)
Your mind is acute. (Int +2)
You expend magic power (3 MP) to strengthen your wands.


Message History

You hear some strange, mumbled words.
A magic dart appears from out of thin air!
The magic dart hits you!
* * * LOW HITPOINT WARNING * * *
The orc warrior hits you with a +0 mace.
* * * LOW HITPOINT WARNING * * *
You feel better. Something hits you.
* * * LOW HITPOINT WARNING * * *
The orc warrior hits you with a +0 mace!
* * * LOW HITPOINT WARNING * * *
Unknown command.
You hear some strange, mumbled words.
A puff of flame appears from out of thin air!
The puff of flame misses you.
You see here a flail.
Found 10 gold pieces.
An orc wizard appears from thin air!
Reactivating autopickup.
The orc warrior hits you with a +0 mace!!
You die...

####### #.....######
############...........
...........).....#######
....)..........o........
####.####.##.##o@.......
#.....# #..#.##.....$...
#.....# ##.#.##.........
#.....### .#.###.#######
#.......# ...# #.#
......#.# #..# #.#
......#.# .. ...
......... o.# #.#
....###.##


You could see an orc warrior and an orc wizard.

Vanquished Creatures
  Pikel (D:4)
  Eustachio (D:5)
  Edmund (D:5)
  Duvessa (D:4)
  A centaur (D:5)
  An ogre (D:6)
  A big kobold (Sewer)
  Dowan (D:4)
  2 hounds (D:4)
  Crazy Yiuf (D:4)
  A centaur skeleton (D:5)
  2 orc priests
  3 orc wizards
  2 iguanas
  4 worker ants
  A killer bee zombie (D:6)
  3 adders
  4 gnolls (D:3)
  A river rat (Sewer)
  2 oozes
  2 adder skeletons
  3 worms
  3 dart slugs
  3 leopard geckos (D:1)
  15 orcs
  10 bats
  2 giant cockroaches
  8 goblins
  6 hobgoblins
  2 jackals (Sewer)
  3 quokkas
  2 frilled lizards
  10 kobolds
  7 rats
110 creatures vanquished.

Vanquished Creatures (others)
  A slave (D:5)
  A jelly (D:5)
2 creatures vanquished.

Grand Total: 112 creatures vanquished

Notes
Turn   | Place    | Note
-------+----------+-------------------------------------------
     0 | D:1      | kamil4402 the Troll Monk began the quest for the Orb.
     0 | D:1      | Reached XP level 1. HP: 22/22 MP: 0/0
   154 | D:1      | Reached XP level 2. HP: 24/29 MP: 1/1
   335 | D:1      | Found a shattered altar of Ashenzari.
   578 | D:2      | Reached XP level 3. HP: 36/36 MP: 2/2
   714 | D:2      | Reached skill level 4 in Unarmed Combat
   733 | D:2      | Reached XP level 4. HP: 44/44 MP: 3/3
  1350 | D:3      | Reached XP level 5. HP: 50/50 MP: 4/4
  1796 | D:4      | Reached skill level 5 in Unarmed Combat
  1925 | D:4      | Found a glowing drain.
  1957 | Sewer    | Entered a sewer
  2056 | Sewer    | Reached XP level 6. HP: 59/59 MP: 5/5
  2175 | Sewer    | Found a white marble altar of Elyvilon.
  2363 | D:4      | Found a runed translucent door.
  2364 | D:4      | Noticed Crazy Yiuf
  2372 | D:4      | Killed Crazy Yiuf
  2401 | D:4      | Noticed Duvessa
  2401 | D:4      | Noticed Dowan
  2426 | D:4      | Killed Duvessa
  2426 | D:4      | Reached skill level 6 in Unarmed Combat
  2543 | D:4      | Killed Dowan
  2543 | D:4      | Reached XP level 7. HP: 66/67 MP: 6/6
  2588 | D:4      | Found a radiant altar of Vehumet.
  3100 | D:5      | Entered Level 5 of the Dungeon
  3108 | D:5      | Noticed Edmund
  3129 | D:5      | Killed Edmund
  3129 | D:5      | Reached skill level 7 in Unarmed Combat
  3428 | D:5      | Noticed Pikel
  3573 | D:4      | Killed Pikel
  3573 | D:4      | Reached skill level 8 in Unarmed Combat
  3573 | D:4      | Reached XP level 8. HP: 51/75 MP: 7/7
  3686 | D:5      | Noticed Eustachio
  3744 | D:5      | Killed Eustachio
  3942 | D:6      | Found Archer's General Store.
  3967 | D:6      | Reached skill level 9 in Unarmed Combat
  4185 | D:6      | Gained mutation: Your mind is acute. (Int +2) [potion of
                  | mutation]
  4185 | D:6      | Gained mutation: You expend magic power (3 MP) to
                  | strengthen your wands. [potion of mutation]
  4234 | D:6      | Mangled by an orc warrior

Skill      XL: |  1  2  3  4  5  6  7  8 |
---------------+-------------------------+-----
Unarmed Combat | 4 5 6 8 9 |  9.1
Dodging        | 3 4 |  4.7
Fighting       | 3 |  3.3
Stealth        | 2 |  2.7

Action                   |  1- 3 |  4- 6 |  7- 9 || total
-------------------------+-------+-------+-------++-------
Melee: Unarmed           |    79 |   140 |   104 ||   323
       Punch             |       |     2 |     3 ||     5
  Use: Potion            |       |     6 |     7 ||    13
       Scroll            |       |     3 |     1 ||     4
 Stab: Sleeping          |     2 |     4 |     2 ||     8
       Distracted        |       |       |     1 ||     1
  Eat: Chunk             |    12 |    15 |    18 ||    45
Armor: Robe              |    43 |    34 |    31 ||   108
Dodge: Dodged            |    58 |    66 |    75 ||   199
